TOP OF THE 1ST |
Ft. Polk South Thunder Hawks batting - Pitching for Westwood Sixshooters : RHP Miguel Hernández
|
Pitching: RHP Miguel Hernández
|
|
Batting: SHB Armando Olvera
|
0-0: Called Strike 0-1: Fly out, F9 (Line Drive, 9LM)
|
Batting: RHB Steven Grant
|
0-0: Fly out, F8 (Flyball, 8LXD)
|
Batting: RHB Héctor López
|
0-0: Called Strike 0-1: Foul Ball, location: 2F 0-2: Ball 1-2: Fly out, F5 (Line Drive, 56)
|
Top of the 1st over - 0 run(s), 0 hit(s), 0 error(s), 0 left on base; Ft. Polk South 0 - Westwood 0 |
BOTTOM OF THE 1ST |
Westwood Sixshooters batting - Pitching for Ft. Polk South Thunder Hawks : RHP Marc Graham
|
Pitching: RHP Marc Graham
|
|
Batting: RHB Winston Sparks
|
0-0: Ball 1-0: Called Strike 1-1: Ball 2-1: Foul Ball, location: 2F 2-2: Foul Ball, location: 2F 2-2: Ball 3-2: Base on Balls
|
Batting: RHB Richard Hicks
|
0-0: Ball 1-0: Ball 2-0: Called Strike 2-1: Ball 3-1: Base on Balls Winston Sparks to second
|
Batting: RHB Wes Shannon
|
0-0: Foul Ball, location: 2F 0-1: Foul Ball, location: 2F 0-2: Fly out, F6 (Popup, 6M)
|
Batting: RHB Ronnie Cleveland
|
0-0: Called Strike 0-1: Ball 1-1: SINGLE (Line Drive, 6D) Winston Sparks to third Richard Hicks to second Runner from 3rd tries for Home, SAFE, no throw or cutoff
|
Batting: LHB José Martínez
|
0-0: SINGLE (Groundball, 4MD) Richard Hicks to third Ronnie Cleveland to second Runner from 3rd tries for Home, SAFE, throw made home
|
Batting: RHB Jorge Morales
|
0-0: Called Strike 0-1: Called Strike 0-2: SINGLE (Groundball, 56D) Ronnie Cleveland to third José Martínez to second Runner from 3rd tries for Home, SAFE, throw made home José Martínez to third Jorge Morales to second
|
Batting: RHB Aurelio García
|
0-0: Called Strike 0-1: Foul Ball, location: 2F 0-2: Foul Ball, location: 2F 0-2: Strikes out swinging
|
Batting: RHB Sergio Martínez
|
0-0: TRIPLE (Line Drive, 7D) José Martínez scores Jorge Morales scores
|
Batting: RHB Jeremiah Howard
|
0-0: Ball 1-0: Ball 2-0: SINGLE (Groundball, 56D) Sergio Martínez scores
|
Batting: RHB Winston Sparks
|
0-0: Swinging Strike 0-1: Ball Wild Pitch! Jeremiah Howard to second 1-1: Ball 2-1: Foul Ball, location: 2F 2-2: Foul Ball, location: 2F 2-2: Ball 3-2: SINGLE (Flyball, 8LM) Jeremiah Howard to third Jeremiah Howard scores
|
Batting: RHB Richard Hicks
|
0-0: Called Strike 0-1: Called Strike 0-2: Ball Winston Sparks is caught stealing 2nd base
|
Bottom of the 1st over - 7 run(s), 6 hit(s), 0 error(s), 0 left on base; Ft. Polk South 0 - Westwood 7 |
TOP OF THE 2ND |
Ft. Polk South Thunder Hawks batting - Pitching for Westwood Sixshooters : RHP Miguel Hernández
|
Batting: SHB Ted Hansen
|
0-0: Ball 1-0: Foul Ball, location: 2F 1-1: Ball 2-1: Ground out 3-1 (Groundball, 34)
|
Batting: LHB José López
|
0-0: Ball 1-0: Fly out, F4 (Popup, 4)
|
Batting: SHB Paul Wright
|
0-0: Called Strike 0-1: Fly out, F7 (Flyball, 7LS)
|
Top of the 2nd over - 0 run(s), 0 hit(s), 0 error(s), 0 left on base; Ft. Polk South 0 - Westwood 7 |
BOTTOM OF THE 2ND |
Westwood Sixshooters batting - Pitching for Ft. Polk South Thunder Hawks : RHP Marc Graham
|
Batting: RHB Richard Hicks
|
0-0: Ball 1-0: Ball 2-0: Fly out, F8 (Popup, 8LS)
|
Batting: RHB Wes Shannon
|
0-0: Ball 1-0: Fly out, F4 (Popup, 3)
|
Batting: RHB Ronnie Cleveland
|
0-0: Called Strike 0-1: Ball 1-1: Swinging Strike 1-2: Foul Ball, location: 2F 1-2: Ball 2-2: Foul Ball, location: 2F 2-2: Strikes out swinging
|
Bottom of the 2nd over - 0 run(s), 0 hit(s), 0 error(s), 0 left on base; Ft. Polk South 0 - Westwood 7 |
TOP OF THE 3RD |
Ft. Polk South Thunder Hawks batting - Pitching for Westwood Sixshooters : RHP Miguel Hernández
|
Batting: RHB Clark Calhoun
|
0-0: Called Strike 0-1: Called Strike 0-2: Strikes out swinging
|
Batting: RHB Henry Weber
|
0-0: Ball 1-0: SINGLE (Line Drive, 6M)
|
Batting: LHB Jim Unknown
|
0-0: Ball 1-0: Ball 2-0: DOUBLE (Groundball, 3L) Henry Weber to third
|
Batting: SHB Armando Olvera
|
0-0: Fly out, F9 (Flyball, 9LM) Runner from 3rd tags up, SCORES, throw made
|
Batting: RHB Steven Grant
|
0-0: Called Strike 0-1: Foul Ball, location: 2F 0-2: 2-RUN HOME RUN (Flyball, 7D), Distance : 398 ft
|
Batting: RHB Héctor López
|
0-0: Ball 1-0: Ground out 6-3 (Groundball, 6)
|
Top of the 3rd over - 3 run(s), 3 hit(s), 0 error(s), 0 left on base; Ft. Polk South 3 - Westwood 7 |
BOTTOM OF THE 3RD |
Westwood Sixshooters batting - Pitching for Ft. Polk South Thunder Hawks : RHP Marc Graham
|
Pitching: RHP Ricardo Gómez
|
|
Batting: LHB José Martínez
|
0-0: Called Strike 0-1: Ground out 5-3 (Groundball, 56)
|
Batting: RHB Jorge Morales
|
0-0: Called Strike 0-1: DOUBLE (Flyball, 89D)
|
Batting: RHB Aurelio García
|
0-0: Called Strike 0-1: Fly out, F9 (Flyball, 9D) Runner from 2nd tags up, SAFE at 3rd, no throw
|
Batting: RHB Sergio Martínez
|
0-0: Swinging Strike 0-1: Ball 1-1: Foul Ball, location: 2F 1-2: Ball 2-2: Foul Ball, location: 2F 2-2: SINGLE (Line Drive, 78M) Jorge Morales scores
|
Batting: RHB Jeremiah Howard
|
0-0: Ball Sergio Martínez steals 2nd base 1-0: Fly out, F4 (Popup, 34)
|
Bottom of the 3rd over - 1 run(s), 2 hit(s), 0 error(s), 1 left on base; Ft. Polk South 3 - Westwood 8 |
TOP OF THE 4TH |
Ft. Polk South Thunder Hawks batting - Pitching for Westwood Sixshooters : RHP Miguel Hernández
|
Batting: SHB Ted Hansen
|
0-0: Called Strike 0-1: Ball 1-1: Ball 2-1: Called Strike 2-2: Strikes out swinging
|
Batting: LHB José López
|
0-0: Swinging Strike 0-1: Swinging Strike 0-2: Ball 1-2: Ball 2-2: Ball 3-2: Foul Ball, location: 2F 3-2: Foul Ball, location: 2F 3-2: Strikes out swinging
|
Batting: SHB Paul Wright
|
0-0: Called Strike 0-1: Ball 1-1: Called Strike 1-2: Foul Ball, location: 2F 1-2: Foul Ball, location: 2F 1-2: Foul Ball, location: 2F 1-2: Strikes out swinging
|
Top of the 4th over - 0 run(s), 0 hit(s), 0 error(s), 0 left on base; Ft. Polk South 3 - Westwood 8 |
BOTTOM OF THE 4TH |
Westwood Sixshooters batting - Pitching for Ft. Polk South Thunder Hawks : RHP Ricardo Gómez
|
Batting: RHB Winston Sparks
|
0-0: Called Strike 0-1: Ball 1-1: Swinging Strike 1-2: Foul Ball, location: 2F 1-2: Foul Ball, location: 2F 1-2: Strikes out swinging
|
Batting: RHB Richard Hicks
|
0-0: Called Strike 0-1: Ball 1-1: Ball 2-1: Ground out 4-3 (Groundball, 4)
|
Batting: RHB Wes Shannon
|
0-0: Called Strike 0-1: DOUBLE (Flyball, 9LM)
|
Batting: RHB Ronnie Cleveland
|
0-0: Ball 1-0: Ball 2-0: Foul Ball, location: 2F 2-1: DOUBLE (Flyball, 7LM) Wes Shannon scores
|
Batting: LHB José Martínez
|
0-0: Ball 1-0: Called Strike 1-1: Ball 2-1: Ball 3-1: Base on Balls
|
Batting: RHB Jorge Morales
|
0-0: Ball 1-0: Ball 2-0: Ball 3-0: Called Strike 3-1: Base on Balls Ronnie Cleveland to third José Martínez to second
|
Batting: RHB Aurelio García
|
0-0: Ball 1-0: Fly out, F8 (Line Drive, 8LM)
|
Bottom of the 4th over - 1 run(s), 2 hit(s), 0 error(s), 3 left on base; Ft. Polk South 3 - Westwood 9 |
TOP OF THE 5TH |
Ft. Polk South Thunder Hawks batting - Pitching for Westwood Sixshooters : RHP Miguel Hernández
|
Batting: RHB Clark Calhoun
|
0-0: Ball 1-0: Called Strike 1-1: Fly out, F8 (Flyball, 8LM)
|
Batting: RHB Henry Weber
|
0-0: Foul Ball, location: 2F 0-1: Ground out 1-3 (Groundball, 13)
|
Batting: LHB Jim Unknown
|
0-0: Ball 1-0: Foul Ball, location: 2F 1-1: Foul Ball, location: 2F 1-2: Ball 2-2: Foul Ball, location: 2F 2-2: Fly out, F2 (Popup, 2LF)
|
Top of the 5th over - 0 run(s), 0 hit(s), 0 error(s), 0 left on base; Ft. Polk South 3 - Westwood 9 |
BOTTOM OF THE 5TH |
Westwood Sixshooters batting - Pitching for Ft. Polk South Thunder Hawks : RHP Ricardo Gómez
|
Batting: RHB Sergio Martínez
|
0-0: Called Strike 0-1: Foul Ball, location: 2F 0-2: Strikes out looking
|
Batting: RHB Jeremiah Howard
|
0-0: Ball 1-0: Called Strike 1-1: Fly out, F9 (Flyball, 9LM)
|
Batting: RHB Winston Sparks
|
0-0: Ball 1-0: Swinging Strike 1-1: Ball Reached via error on a dropped throw, E3
|
Batting: RHB Richard Hicks
|
Pickoff Throw to First - Error! E1 Winston Sparks to second 0-0: Ball 1-0: Fly out, F9 (Flyball, 89M)
|
Bottom of the 5th over - 0 run(s), 0 hit(s), 2 error(s), 1 left on base; Ft. Polk South 3 - Westwood 9 |
TOP OF THE 6TH |
Ft. Polk South Thunder Hawks batting - Pitching for Westwood Sixshooters : RHP Miguel Hernández
|
Batting: SHB Armando Olvera
|
0-0: Ground out 4-3 (Groundball, 4S)
|
Batting: RHB Steven Grant
|
0-0: Called Strike 0-1: Fly out, F7 (Flyball, 7D)
|
Batting: RHB Héctor López
|
0-0: Swinging Strike 0-1: Ball 1-1: Swinging Strike 1-2: Foul Ball, location: 2F 1-2: Strikes out looking
|
Top of the 6th over - 0 run(s), 0 hit(s), 0 error(s), 0 left on base; Ft. Polk South 3 - Westwood 9 |
BOTTOM OF THE 6TH |
Westwood Sixshooters batting - Pitching for Ft. Polk South Thunder Hawks : RHP Ricardo Gómez
|
Batting: RHB Wes Shannon
|
0-0: Called Strike 0-1: Ball 1-1: Ball 2-1: Ball 3-1: Base on Balls
|
Batting: RHB Ronnie Cleveland
|
0-0: Ball 1-0: Ball 2-0: Reached on error, E1 (Groundball, 13) Wes Shannon to second
|
Batting: LHB José Martínez
|
0-0: Ground out U3 (Groundball, 3S) Wes Shannon to third Ronnie Cleveland to second
|
Batting: RHB Jorge Morales
|
0-0: Foul Ball, location: 2F 0-1: Foul Ball, location: 2F 0-2: Fly out, F9 (Flyball, 9M) Runner from 3rd tags up, SCORES, no throw
|
Pitching: RHP Júlio Palácios
|
|
Batting: RHB Aurelio García
|
0-0: SINGLE (Line Drive, 3D) Ronnie Cleveland to third Runner from 3rd tries for Home, SAFE, throw made home Aurelio García to second
|
Batting: RHB Sergio Martínez
|
0-0: Called Strike 0-1: Foul Ball, location: 2F 0-2: Strikes out swinging
|
Bottom of the 6th over - 2 run(s), 1 hit(s), 1 error(s), 1 left on base; Ft. Polk South 3 - Westwood 11 |
TOP OF THE 7TH |
Ft. Polk South Thunder Hawks batting - Pitching for Westwood Sixshooters : RHP Miguel Hernández
|
Batting: SHB Ted Hansen
|
0-0: Ball 1-0: Ball 2-0: Swinging Strike 2-1: Foul Ball, location: 2F 2-2: Ball 3-2: Foul Ball, location: 2F 3-2: Base on Balls
|
Batting: LHB José López
|
0-0: Ball 1-0: Ball 2-0: Swinging Strike 2-1: Foul Ball, location: 2F 2-2: Strikes out swinging
|
Batting: SHB Paul Wright
|
0-0: Ball 1-0: Foul Ball, location: 2F 1-1: Called Strike 1-2: Ball 2-2: Ball 3-2: Reached on error, E3 (Groundball, 3L) Ted Hansen to second
|
Batting: RHB Clark Calhoun
|
0-0: Ball 1-0: Foul Ball, location: 2F 1-1: Foul Ball, location: 2F 1-2: Fly out, F8 (Flyball, 8RS) 1-2: Lined into DP, 8-6 (Flyball, 8RS)
|
Top of the 7th over - 0 run(s), 0 hit(s), 1 error(s), 1 left on base; Ft. Polk South 3 - Westwood 11 |
BOTTOM OF THE 7TH |
Westwood Sixshooters batting - Pitching for Ft. Polk South Thunder Hawks : RHP Júlio Palácios
|
Batting: RHB Jeremiah Howard
|
0-0: Ground out 5-3 (Groundball, 56)
|
Batting: RHB Winston Sparks
|
0-0: Ball 1-0: Foul Ball, location: 2F 1-1: Called Strike 1-2: Strikes out swinging
|
Batting: RHB Richard Hicks
|
0-0: Foul Ball, location: 2F 0-1: Ball 1-1: Foul Ball, location: 2F 1-2: Ball 2-2: Ball 3-2: Strikes out swinging
|
Bottom of the 7th over - 0 run(s), 0 hit(s), 0 error(s), 0 left on base; Ft. Polk South 3 - Westwood 11 |
TOP OF THE 8TH |
Ft. Polk South Thunder Hawks batting - Pitching for Westwood Sixshooters : RHP Miguel Hernández
|
Now at 1B: Don Thomas
|
|
Now at 2B: Bob Howells
|
|
Batting: RHB Henry Weber
|
0-0: Ball 1-0: Ball 2-0: Called Strike 2-1: Called Strike 2-2: Strikes out looking
|
Batting: LHB Jim Unknown
|
0-0: Ball 1-0: Ball 2-0: Ball 3-0: Called Strike 3-1: SINGLE (Groundball, 2R) (infield hit)
|
Pitching: RHP Fernando Solís
|
|
Pinch Hitting: RHB Tommy Stanley
|
0-0: Ball 1-0: Ground out 3-1 (Groundball, 34S) Jim Unknown to second
|
Batting: RHB Steven Grant
|
0-0: Called Strike 0-1: Ground out 4-3 (Groundball, 4M)
|
Top of the 8th over - 0 run(s), 1 hit(s), 0 error(s), 1 left on base; Ft. Polk South 3 - Westwood 11 |
BOTTOM OF THE 8TH |
Westwood Sixshooters batting - Pitching for Ft. Polk South Thunder Hawks : RHP Júlio Palácios
|
Now at 2B: Jim Unknown
|
|
Batting: RHB Wes Shannon
|
0-0: Ball 1-0: Foul Ball, location: 2F 1-1: Foul Ball, location: 2F 1-2: Ball 2-2: SINGLE (Line Drive, 4D)
|
Batting: RHB Ronnie Cleveland
|
0-0: Ball 1-0: Ball 2-0: Ball 3-0: Base on Balls Wes Shannon to second
|
Batting: LHB José Martínez
|
0-0: Ball 1-0: Ball 2-0: Swinging Strike 2-1: Ball 3-1: Called Strike 3-2: Base on Balls Wes Shannon to third Ronnie Cleveland to second
|
Batting: RHB Jorge Morales
|
0-0: Called Strike 0-1: Foul Ball, location: 2F 0-2: Ball 1-2: Foul Ball, location: 2F 1-2: Foul Ball, location: 2F 1-2: Ball 2-2: DOUBLE (Flyball, 89M) Wes Shannon scores Ronnie Cleveland scores José Martínez to third
|
Batting: RHB Aurelio García
|
0-0: Called Strike 0-1: Ball 1-1: Foul Ball, location: 2F 1-2: Ball 2-2: Foul Ball, location: 2F 2-2: Ball 3-2: Base on Balls
|
Pitching: RHP Dean Hill
|
|
Batting: RHB Sergio Martínez
|
0-0: Ball 1-0: Ball 2-0: Foul Ball, location: 2F 2-1: Grounds into double play, 6-4-3 (Groundball, 6) José Martínez scores Jorge Morales to third
|
Batting: RHB Don Thomas
|
0-0: Ball 1-0: Swinging Strike 1-1: Ball 2-1: Ball 3-1: Base on Balls
|
Batting: RHB Bob Howells
|
0-0: Foul Ball, location: 2F 0-1: Ball 1-1: Swinging Strike 1-2: DOUBLE (Groundball, 5L) Jorge Morales scores Don Thomas to third Runner from 3rd tries for Home, SAFE, no throw or cutoff
|
Batting: RHB Richard Hicks
|
0-0: Called Strike 0-1: Foul Ball, location: 2F 0-2: Fly out, F7 (Flyball, 7LM)
|
Bottom of the 8th over - 5 run(s), 3 hit(s), 0 error(s), 1 left on base; Ft. Polk South 3 - Westwood 16 |
TOP OF THE 9TH |
Ft. Polk South Thunder Hawks batting - Pitching for Westwood Sixshooters : RHP Fernando Solís
|
Batting: RHB Héctor López
|
0-0: Foul Ball, location: 2F 0-1: Ball 1-1: Ball 2-1: Ball 3-1: Base on Balls
|
Pinch Hitting: RHB Jim Unknown
|
0-0: Ball 1-0: Ball 2-0: Ball 3-0: Base on Balls Héctor López to second
|
Batting: LHB José López
|
0-0: Called Strike 0-1: Ball 1-1: DOUBLE (Groundball, 3L) Héctor López scores Jim Unknown to third
|
Batting: SHB Paul Wright
|
0-0: Fly out, F8 (Flyball, 8LM) Runner from 3rd tags up, SCORES, no throw
|
Batting: RHB Clark Calhoun
|
0-0: Ball 1-0: Ball 2-0: Foul Ball, location: 2F 2-1: Called Strike 2-2: Strikes out swinging
|
Batting: RHB Henry Weber
|
0-0: Called Strike 0-1: Ball 1-1: Swinging Strike 1-2: Ball 2-2: Fly out, F7 (Flyball, 7M)
|
Top of the 9th over - 2 run(s), 1 hit(s), 0 error(s), 1 left on base; Ft. Polk South 5 - Westwood 16 |
|